 Dungeon Crawl Stone Soup version 0.27-a0-1312-g5cdb2b3542 (webtiles) character file.

Game seed: 8428364888054156161

37 hatdisgam the Shield-Bearer (level 3, 0/20 HPs)
             Began as a Vine Stalker Fighter on June 19, 2021.
             Succumbed to an adder's poison
             ... on level 2 of the Dungeon.
             The game lasted 00:01:11 (1186 turns).

hatdisgam the Shield-Bearer (Vine Stalker Fighter)  Turns: 1186, Time: 00:01:12

Health: 0/20       AC:  6    Str: 18    XL:     3   Next: 39%
Magic:  3/4        EV:  7    Int:  9    God:
Gold:   29         SH:  9    Dex: 13    Spells: 2/2 levels left

rFire    . . .     SeeInvis .   a - +0 long sword
rCold    . . .     Faith    .   c - +0 kite shield
rNeg     . . .     Spirit   +   b - +0 scale mail
rPois    .         Reflect  .   (no helmet)
rElec    .         Harm     .   (no cloak)
rCorr    .         Rampage  .   (no gloves)
Will     .....                  (no boots)
Stlth    ..........             (no amulet)
HPRegen  0.06/turn              (no ring)
MPRegen  0.09/turn              (no ring)

@: mighty, lethally poisoned (0 -> -1)
A: fangs 2, magic shield, antimagic bite, no potion heal 2
a: no special abilities


You were on level 2 of the Dungeon.
You visited 1 branch of the dungeon, and saw 2 of its levels.

You collected 29 gold pieces.

Inventory:

Hand Weapons
 a - a +0 long sword (weapon)
Armour
 b - a +0 scale mail (worn)
 c - a +0 kite shield (worn)
Scrolls
 e - 2 scrolls of torment {unknown}
 f - a scroll of identify {unknown}
 g - a scroll of summoning {unknown}


   Skills:
 + Level 3.0 Fighting
 * Level 2.7 Long Blades
 - Level 2.4 Armour
 + Level 3.0 Shields


You had 2 spell levels left.
You didn't know any spells.
Your spell library was empty.

Dungeon Overview and Level Annotations

Branches:
Dungeon (2/15)

Altars:


Innate Abilities, Weirdness & Mutations

You have extremely sharp teeth.
When hurt, damage is shared between your health and your magic reserves.
Your bite disrupts and absorbs the magic of your enemies.
Potions cannot restore your health.


Message History

You are poisoned.
The adder poisons you! You block the adder's attack.
You closely miss the adder. Your bite misses the adder.
You feel sick. The adder barely misses you.
You riposte.
You miss the adder. The adder bites you but does no damage.
Your shield prevents you from hitting the adder.
Your bite misses the adder.
You feel sick.
You are no longer poisoned.
The adder bites you.
You are poisoned.
The adder poisons you! The adder bites you but does no damage.
You are too injured to fight recklessly!
You are too injured to fight recklessly!
You are too injured to fight recklessly!
You are too injured to fight recklessly!
You are too injured to fight recklessly!
You are too injured to fight recklessly!
You are too injured to fight recklessly!
You are too injured to fight recklessly!
You slash the adder!
The adder is severely wounded.
You feel sick. The adder bites you.
* * * LOW HITPOINT WARNING * * *
The adder bites you but does no damage.
Unknown command.
You feel very mighty all of a sudden.
* * * LOW HITPOINT WARNING * * *
You feel sick. The adder barely misses you.
You riposte.
You closely miss the adder.
The adder is severely wounded.
You miss the adder. Your bite misses the adder.
The adder is severely wounded.
* * * LOW HITPOINT WARNING * * *
You feel sick. The adder bites you but does no damage.
You block the adder's attack.
You barely miss the adder. You bite the adder.
You kill the adder!
* * * LOW HITPOINT WARNING * * *
You feel sick.
You die...

#.# ## #.#### #.
.....# #. #)##.# #.
#.##.# #. #.##.#
...###.##.##.#
.......>@)...#####
#.####.##......(.#
#. #..#####.#
....>.#.....#
##.###.#...#.# #.
#.#.....#
..###.......#######
##......†#.........
#.#####.##########


There were no monsters in sight!

Vanquished Creatures
  An adder (D:2)
  A dart slug (D:1)
  3 endoplasms (D:1)
  A giant cockroach (D:1)
  4 goblins (D:1)
  2 jackals (D:2)
  A quokka (D:1)
  4 ball pythons (D:1)
  2 frilled lizards
  2 kobolds
  3 rats (D:1)
24 creatures vanquished.

Notes
Turn   | Place    | Note
-------+----------+-------------------------------------------
     0 | D:1      | hatdisgam the Vine Stalker Fighter began the quest for the
                  | Orb.
     0 | D:1      | Reached XP level 1. HP: 11/11 MP: 2/2
   174 | D:1      | Reached XP level 2. HP: 15/16 MP: 3/3
  1044 | D:2      | Reached XP level 3. HP: 18/19 MP: 4/4
  1185 | D:2      | HP: 1/20 [poisoned by an adder]
  1186 | D:2      | Succumbed to an adder's poison

Illustrated notes

Levels and vault maps discovered:
D:1:      dpeg_arrival_simpleton_a, layout_loops_ring
D:2:      layout_loops_cross, ebering_ecumenical_altar_mist

Skill      XL: |  1  2  3 |
---------------+----------+-----
Long Blades    | 2 |  2.7
Shields        | 3 |  3.0
Fighting       | 3 |  3.0
Armour         | |  2.4

Action                   || total
-------------------------++-------
Melee: Long sword        ||    63
       Bite              ||    12
  Use: Potion            ||     1
Armor: Scale mail        ||    27
Dodge: Dodged            ||    24
Block: Kite shield       ||    30
       Rpst.: Long sword ||    10

Table legend: (Time is in decaauts)
 A = Elapsed time spent in this place.
 B = Non-inter-level travel time spent in this place.
 C = Inter-level travel time spent in this place.
 D = Time resting spent in this place.
 E = Time spent auto-exploring this place.
 F = Levels seen in this place.
 G = Mean time per level.
                   A        B        C        D        E       F      G
               +--------+--------+--------+--------+--------+-----+--------+
         Total |   1219 |   1174 |     45 |      0 |   1008 |   2 |  609.5 |
       Dungeon |   1219 |   1174 |     45 |      0 |   1008 |   2 |  609.5 |
               +--------+--------+--------+--------+--------+-----+--------+

Top non-repeatable levels by time:
     D:1: 1051 daAuts
     D:2: 168 daAuts
